 Dungeon Crawl Stone Soup version 0.19-a0-1740-g0bcaf2e (webtiles) character file.

1575 4thArraOfDagon the Grappler (level 8, -3/75 HPs)
             Began as a Troll Wanderer on Oct 2, 2016.
             Was an Initiate of Qazlal.
             Slain by a hippogriff (6 damage)
             ... on level 8 of the Dungeon.
             The game lasted 00:07:06 (1308 turns).

4thArraOfDagon the Grappler (Troll Wanderer)        Turns: 1308, Time: 00:07:06

Health: -3/75      AC:  5    Str: 22    XL:     8   Next: 60%
Magic:  8/8        EV:  8    Int:  7    God:    Qazlal [......]
Gold:   352        SH:  9    Dex: 11    Spells: 0 memorised, 7 levels left

rFire  . . .     SeeInvis .       - Unarmed
rCold  . . .     Gourm    +     d - +0 robe
rNeg   . . .     Faith    .     j - +0 shield
rPois  .         Spirit   .     (helmet restricted)
rElec  .         Dismiss  .     (no cloak)
rCorr  .         Reflect  .     (gloves unavailable)
MR     .....     Harm     .     (boots unavailable)
Stlth  +.........               n - amulet of rage
                                (no ring)
                                (no ring)

@: no status effects
A: unfitting armour, claws 3, fast metabolism 3, gourmand, regeneration 1,
shaggy fur 1, tough skin 2
a: Renounce Religion, Evoke Berserk Rage


You were on level 8 of the Dungeon.
You worshipped Qazlal.
Qazlal was noncommittal.
You were very full.

You visited 2 branches of the dungeon, and saw 9 of its levels.
You also visited: Ossuary.

You collected 352 gold pieces.

Inventory:

Hand Weapons
 a - a +2 hand crossbow
 e - a +0 dagger
 k - a +0 giant spiked club
Missiles
 b - 19 bolts
Armour
 d - a +0 robe (worn)
 j - a +0 shield (worn)
Jewellery
 n - an amulet of rage (around neck)
Scrolls
 h - a scroll of fear {unknown}
 m - a scroll of vulnerability {unknown}
 o - a scroll of remove curse
 p - a scroll of summoning
 s - a scroll of enchant armour {unknown}
Potions
 c - 3 potions of curing
 g - 2 potions of heal wounds
 i - 2 potions of flight
 l - 2 potions of lignification
 q - a potion of might
 r - a potion of degeneration
Comestibles
 f - 2 bread rations


   Skills:
 - Level 3.2 Fighting
   Level 1.0 Bows
 - Level 1.2 Crossbows
 - Level 1.0 Dodging
 - Level 1.1 Stealth
 + Level 4.2 Shields
 * Level 8.3 Unarmed Combat
 + Level 2.4 Invocations
 * Level 2.1 Evocations


You had 7 spell levels left.
You didn't know any spells.

Dungeon Overview and Level Annotations

Branches:
Dungeon (8/15)             Temple (1/1) D:7
   Lair: D:8-11

Altars:
Elyvilon
Fedhas
Gozag
Kikubaaqudgha
Makhleb
Nemelex Xobeh
Okawaru
Qazlal
Ru
Sif Muna
Trog
Uskayaw
Xom
Yredelemnul

Annotations:
D:2 Robin


Innate Abilities, Weirdness & Mutations

You are too large for most types of armour.
You have claws for hands.
Your metabolism is lightning-fast.
You like to eat raw meat.
Your natural rate of healing is unusually fast.
You are covered in fur. (AC +1)
You have very tough skin. (AC +2)


Message History

The hippogriff claws you.
* * * LOW HITPOINT WARNING * * *
Unknown command.
Unknown command.
You completely miss the hippogriff.
The hippogriff is almost dead.
The river rat twitches its whiskers.
The hippogriff barely misses you. The hippogriff pecks you.
* * * LOW HITPOINT WARNING * * *
The hippogriff claws you.
* * * LOW HITPOINT WARNING * * *
Unknown command.
Unknown command.
Unknown command.
You barely miss the hippogriff.
The hippogriff is almost dead.
The hippogriff closely misses you. The hippogriff pecks you!
* * * LOW HITPOINT WARNING * * *
The hippogriff claws you.
You die...

########## .........#
########## .........#
#........### .........#
#..........#
.......†.####.p........#
........rrH@.....>.....###
....(..†b####............#
p........# #####......#.##
PP....#... #.####....#
W.......... #.# #.#..#
P.....#..... #.# ...#..#
.P....#...... #.#.####.)#


rr... #.....H. # #..# #..## You could see a hippogriff, 2 river rats, a bat and
a neutral freed slave (wandering).

Vanquished Creatures
  Pikel (D:8)
  A hungry ghost (D:8)
  An orc warrior (D:7)
  A wasp (D:7)
  2 ogres
  A centaur (D:8)
  2 bullfrogs
  A scorpion (D:7)
  2 howler monkeys
  A crimson imp (D:7)
  3 hounds
  An orc wizard (D:6)
  3 worker ants
  A big kobold zombie (Ossuary)
  A hound zombie (D:8)
  9 mummies
  3 adders
  A worm (D:4)
  4 orcs (D:7)
  A bat (D:8)
  2 giant cockroaches
  3 goblins
  3 hobgoblins
  2 jackals (D:7)
  2 quokkas
  A ball python (D:6)
  2 gnoll zombies (Ossuary)
  A goblin zombie (D:6)
  2 hobgoblin zombies (Ossuary)
  4 orc zombies
  A quokka skeleton (D:5)
  4 rats
67 creatures vanquished.

Vanquished Creatures (others)
  2 slaves (D:8)
  4 rats (D:8)
  A fungus (D:8)
7 creatures vanquished.

Grand Total: 74 creatures vanquished

Notes
Turn   | Place    | Note
-------+----------+-------------------------------------------
     0 | D:1      | 4thArraOfDagon the Troll Wanderer began the quest for the Orb.
     0 | D:1      | 4thArraOfDagon set off with: a +2 hand crossbow, 28 bolts, 2 potions of curing, a +0 robe, a +0 dagger, 2 bread rations
     0 | D:1      | Reached XP level 1. HP: 23/23 MP: 0/0
    67 | D:1      | Reached skill level 1 in Unarmed Combat
    98 | D:2      | Noticed Robin
   102 | D:2      | You fall through a shaft!
   102 | D:3      | Noticed a howler monkey
   120 | D:3      | Killed a howler monkey
   120 | D:3      | Reached skill level 3 in Unarmed Combat
   120 | D:3      | Reached XP level 2. HP: 18/31 MP: 1/1
   120 | D:3      | Reached XP level 3. HP: 22/37 MP: 2/2
   251 | D:5      | Entered Level 5 of the Dungeon
   301 | D:6      | Reached XP level 4. HP: 45/45 MP: 3/3
   342 | D:6      | Reached skill level 1 in Shields
   342 | D:6      | Reached skill level 4 in Unarmed Combat
   344 | D:6      | Noticed an ogre
   357 | D:6      | Killed an ogre
   357 | D:6      | Reached XP level 5. HP: 19/53 MP: 4/4
   362 | D:6      | Reached skill level 5 in Unarmed Combat
   373 | D:6      | Found a sand-covered staircase.
   402 | Ossuary  | Entered an ossuary
   419 | Ossuary  | Reached XP level 6. HP: 22/61 MP: 5/5
   687 | D:6      | Reached skill level 6 in Unarmed Combat
   713 | D:6      | Reached XP level 7. HP: 67/67 MP: 6/6
   862 | D:7      | Reached skill level 7 in Unarmed Combat
   863 | D:7      | Found a staircase to the Ecumenical Temple.
   874 | Temple   | Entered the Ecumenical Temple
   906 | Temple   | Became a worshipper of Qazlal Stormbringer
  1012 | D:7      | Reached skill level 1 in Invocations
  1079 | D:7      | Reached XP level 8. HP: 75/75 MP: 6/8
  1091 | D:7      | 4thArraOfDagon: thanks for lags!
  1098 | D:7      | 4thArraOfDagon: bastards!
  1137 | D:8      | Found a basalt altar of Yredelemnul.
  1140 | D:8      | Found an ancient bone altar of Kikubaaqudgha.
  1233 | D:8      | Noticed Pikel
  1233 | D:8      | Noticed a hippogriff
  1266 | D:8      | Killed Pikel
  1266 | D:8      | Reached skill level 8 in Unarmed Combat
  1308 | D:8      | HP: 3/75 [hippogriff (7)]
  1308 | D:8      | Slain by a hippogriff

Vault maps used:
D:1:      dpeg_arrival_court
D:2:      ecumenical_altar_2, solitary_fountain, uniq_robin
D:4:      nicolae_overflow_hidden_temple, tgw_sif
D:5:      minitemple, first_bread, serial_shops, shop,
          kennysheep_generic_room_12
D:6:      nicolae_ossuary_entry_giza, nicolae_ru_sacrificial_ziggurat
D:7:      the_bakery
D:8:      grunt_temple_overflow_open, grunt_lair_entry_orc_guard_hut, uniq_pikel
Temple:   minmay_temple_bridge_abc
Ossuary:  ossuary_tomb_3

Skill      XL: |  1  2  3  4  5  6  7  8 |
---------------+-------------------------+-----
Unarmed Combat | 3 4 5 6 7 8 |  8.3
Shields        | 1 2 3 4 |  4.2
Invocations    | 1 2 |  2.4
Evocations     | 2 |  2.1
Fighting       | |  3.2
Bows           | |  1.0
Crossbows      | |  1.2
Dodging        | |  1.0
Stealth        | |  1.1

Action                   |  1- 3 |  4- 6 |  7- 9 || total
-------------------------+-------+-------+-------++-------
Melee: Unarmed           |    24 |    89 |   116 ||   229
 Fire: Hand crossbow     |    10 |       |       ||    10
  Use: Scroll            |     1 |     4 |     3 ||     8
       Potion            |       |     1 |       ||     1
 Stab: Sleeping          |     1 |     1 |     1 ||     3
  Eat: Chunk             |       |     1 |    11 ||    12
       Meat ration       |       |     1 |       ||     1
Armor: Robe              |     9 |    22 |    30 ||    61
Dodge: Dodged            |     4 |    19 |    27 ||    50
Block: Shield            |     3 |    23 |    48 ||    74
